 Dungeon Crawl Stone Soup version 0.32-a0-433-g08bcfe7efd (webtiles) character file.

Game seed: 17052970651045685985

1061 Sobieck the Shooter (level 8, -5/64 HPs)
             Began as a Coglin Hunter on Feb 22, 2024.
             Slain by Pikel
             ... wielding a +2 whip of electrocution
              (19 damage)
             ... on level 4 of the Dungeon.
             The game lasted 00:08:00 (4885 turns).

Sobieck the Shooter (Coglin Hunter)                 Turns: 4885, Time: 00:08:00

Health: -5/64      AC: 10    Str: 11    XL:     8   Next: 27%
Magic:  8/8        EV: 12    Int: 10    God:
Gold:   340        SH:  0    Dex: 25    Spells: 7/7 levels left

rFire   . . .        a - +0 shortbow {Tomás}
rCold   . . .        (shield currently unavailable)
rNeg    . . .        c - +0 leather armour
rPois   .            r - +1 helmet
rElec   .            e - +0 cloak
rCorr   .            (no gloves)
SInv    .            (no boots)
Will    .....        l - amulet of the acrobat
Stlth   ++           d - +6 ring of dexterity
HPRegen 0.30/turn    k - +4 ring of protection
MPRegen 0.11/turn

%: acrobat
@: immotile, hasted, revved, very quick
A: off-hand wielding, slow wielding, warmup strikes, legs shutdown
a: no special abilities


You were on level 4 of the Dungeon.
You visited 1 branch of the dungeon, and saw 5 of its levels.

You collected 340 gold pieces.

Inventory:

Hand Weapons
 a - a +0 shortbow (weapon) {Tomás}
 m - a +1 sling {Hana}
Armour
 c - a +0 leather armour (worn)
 e - a +0 cloak (worn)
 r - a +1 helmet (worn)
Magical Staves
 p - a staff of earth
Jewellery
 d - a +6 ring of dexterity (left grasper)
 k - a +4 ring of protection (right grasper)
 l - an amulet of the acrobat (around neck)
 n - a ring of positive energy
Scrolls
 b - a scroll of butterflies
 f - a scroll of fear
 g - a scroll of enchant weapon
 h - a scroll of vulnerability
 j - a scroll of fog
 T - a scroll of teleportation
Potions
 i - a potion of might {unknown}
 q - a potion of enlightenment
 Q - a potion of curing


   Skills:
 + Level 5.8 Fighting
 * Level 7.9 Ranged Weapons
 - Level 1.7 Dodging
 - Level 0.7 Stealth


You had 7 spell levels left.
You didn't know any spells.
Your spell library contained the following spells:

 Spells                   Type           Power      Damage    Failure   Level
 Shock                    Conj/Air       0%         1d3       45%         1
 Mercury Vapours          Alch/Air       0%         N/A       58%         2
 Sublimation of Blood     Necr           0%         N/A       58%         2
 Fugue of the Fallen      Necr           0%         N/A       83%         3
 Mephitic Cloud           Conj/Alch/Air  0%         N/A       83%         3
 Ozocubu's Armour         Ice            0%         N/A       83%         3
 Swiftness                Air            0%         N/A       83%         3
 Airstrike                Air            0%         2d(0-16)  99%         4
 Manifold Assault         Tloc           0%         N/A       99%         4
 Petrify                  Alch/Erth      0%         N/A       99%         4
 Freezing Cloud           Conj/Ice/Air   0%         6-21      100%        5
 Irradiate                Conj/Alch      0%         3d11      100%        5
 Haunt                    Necr/Summ      0%         N/A       100%        7
 Borgnjor's Revivificati  Necr           0%         N/A       100%        8
 Death's Door             Necr           0%         N/A       100%        9


Dungeon Overview and Level Annotations

Branches:
Dungeon (5/15)
 Temple: D:4-7

Altars:
Nemelex Xobeh

Annotations:
D:3 2 transporters, zenocrate's ghost, weakling DsDe
D:4 Pikel


Innate Abilities, Weirdness & Mutations

You can wield a second weapon in your off-hand.
It takes a long time for you to wield or remove held weapons.
Your first few attacks do less damage.
Attacking and casting redirects power from your legs.


Message History

Pikel hits you with a +2 whip of electrocution.
You are electrocuted!
* * * LOW HITPOINT WARNING * * *
You climb upwards.
There is a stone staircase leading down, spattered with blood here.
Unknown command.
Unknown command.
You feel yourself speed up. Pikel waves his whip at you.
Pikel hits you with a +2 whip of electrocution.
* * * LOW HITPOINT WARNING * * *
Unknown command.
You shoot an arrow. The arrow completely misses Pikel.
You shoot an arrow. The arrow barely misses Pikel.
Pikel hits you with a +2 whip of electrocution.
* * * LOW HITPOINT WARNING * * *
You shoot an arrow. The arrow hits Pikel.
Pikel is lightly wounded.
Pikel barely misses you.
You shoot an arrow.
The arrow hits Pikel but does no damage.
Pikel is lightly wounded.
You shoot an arrow. The arrow closely misses Pikel.
Pikel hits you but does no damage.
You shoot an arrow. The arrow closely misses Pikel.
Pikel hits you but does no damage.
You are electrocuted!
* * * LOW HITPOINT WARNING * * *
You shoot an arrow. The arrow completely misses Pikel.
You shoot an arrow. The arrow closely misses Pikel.
Pikel hits you with a +2 whip of electrocution.
* * * LOW HITPOINT WARNING * * *
You shoot an arrow. The arrow barely misses Pikel.
Pikel barely misses you.
Unknown command.
You shoot an arrow. The arrow hits Pikel!
Pikel is moderately wounded.
Pikel closely misses you.
You shoot an arrow. The arrow hits Pikel!
Pikel is severely wounded.
You shoot an arrow. The arrow hits Pikel!
Pikel is almost dead.
Pikel closely misses you.
You shoot an arrow. The arrow closely misses Pikel.
Pikel hits you with a +2 whip of electrocution.
* * * LOW HITPOINT WARNING * * *
You shoot an arrow. The arrow closely misses Pikel.
Pikel hits you with a +2 whip of electrocution.
* * * LOW HITPOINT WARNING * * *
You are electrocuted!!
You die...
Pikel says, "See you in Hell!"

#.....#...#####..............
#.....########....####.......
#............#....####.......
#......#####.#....#..........
###..#...# #.#....#.#........
#..###.###.##.#.#.#......##
#........#.##.#...#########
#......#.#)#...####......#.
###....#.#@K.............#.
#.#....##)...............
#.##.#.......#..########.
#.......#######.# #.
######÷....#....# #.
##†##.#.#### #. #.#....# ##
#.#..### #.#.##


You could see Pikel.

Vanquished Creatures
  Grinder (D:3)
  An ice beast (D:5)
  2 lemures
  A phantom (D:4)
  3 jellies (D:4)
  A bombardier beetle (D:4)
  A howler monkey (D:4)
  2 hounds (D:5)
  3 orc priests
  A sleepcap (D:4)
  Jessica (D:3)
  3 iguanas
  3 gnolls (D:5)
  11 adders
  4 dart slugs
  2 ribbon worms
  4 orcs (D:5)
  7 ball pythons
  5 bats
  8 endoplasms
  3 giant cockroaches
  9 goblins
  8 hobgoblins
  5 jackals
  6 quokkas
  4 frilled lizards
  7 kobolds
  3 rats
109 creatures vanquished.

Notes
Turn   | Place    | Note
-------+----------+-------------------------------------------
     0 | D:1      | Sobieck the Coglin Hunter began the quest for the Orb.
     0 | D:1      | Reached XP level 1. HP: 16/16 MP: 1/1
    79 | D:1      | Reached XP level 2. HP: 22/22 MP: 2/2
   306 | D:1      | Reached skill level 4 in Ranged Weapons
   542 | D:1      | Reached XP level 3. HP: 28/28 MP: 3/3
  1075 | D:2      | Reached XP level 4. HP: 34/34 MP: 4/4
  1088 | D:2      | Found a sparkling altar of Nemelex Xobeh.
  1115 | D:2      | Reached skill level 3 in Fighting
  2139 | D:3      | Found a transporter.
  2258 | D:3      | Reached skill level 5 in Ranged Weapons
  2258 | D:3      | Reached XP level 5. HP: 41/41 MP: 5/5
  2676 | D:3      | Noticed Jessica
  2689 | D:3      | Killed Jessica
  2730 | D:3      | Found a transporter.
  2734 | D:3      | Noticed zenocrate's ghost (weakling DsDe)
  3306 | D:4      | Noticed Grinder
  3320 | D:4      | Paralysed by Grinder for 2 turns
  3339 | D:3      | Paralysed by Grinder for 3 turns
  3344 | D:3      | Killed Grinder
  3345 | D:3      | Reached skill level 6 in Ranged Weapons
  3345 | D:3      | Reached XP level 6. HP: 23/49 MP: 6/6
  3501 | D:4      | Reached XP level 7. HP: 47/55 MP: 7/7
  3752 | D:4      | Reached skill level 7 in Ranged Weapons
  4077 | D:5      | Entered Level 5 of the Dungeon
  4300 | D:5      | Reached XP level 8. HP: 63/63 MP: 8/8
  4862 | D:5      | Noticed Pikel
  4885 | D:4      | Slain by Pikel

Illustrated notes

Levels and vault maps discovered:
D:1:      minmay_arrival_diagonal_passages, layout_loops_corners, serial_rivers,
          chequers_serial_rivers_room_b, chequers_serial_rivers_micro_a,
          chequers_serial_rivers_large_a, chequers_serial_rivers_micro_a,
          minivault_14
D:2:      layout_loops_ring, basic_altar, serial_forest,
          infiniplex_forest_end_2, infiniplex_forest_clump_tiny,
          infiniplex_forest_straight_2, infiniplex_forest_lined_corner,
          infiniplex_forest_straight_5, infiniplex_forest_straight_4,
          infiniplex_forest_straight_2, infiniplex_forest_3_way
D:3:      layout_loops_corners, gammafunk_ghost_mausoleum,
          minmay_misc_feat_tiny, nrook_mini_vaults,
          wander_ebering_terrifying_dragon_lair, uniq_jessica
D:4:      layout_basic, kennysheep_generic_room_2, uniq_grinder
D:5:      layout_loops_ring, hangedman_decor_lopped, dreamdust_gnoll_farm,
          uniq_pikel

Skill      XL: |  1  2  3  4  5  6  7 |
---------------+----------------------+-----
Ranged Weapons | 4 5 6 7 |  7.9
Fighting       | 3 4 5 |  5.8
Dodging        | |  1.7
Stealth        | |  0.7

Action                     |  1- 3 |  4- 6 |  7- 9 || total
---------------------------+-------+-------+-------++-------
   Fire: Shortbow          |    83 |   148 |    41 ||   272
         Sling             |       |    26 |   212 ||   238
    Use: Scroll            |       |     8 |     2 ||    10
         Potion            |       |       |     3 ||     3
 Armour: Leather armour    |    25 |    38 |   106 ||   169
  Dodge: Dodged            |    24 |    53 |    99 ||   176

Table legend: (Time is in decaauts)
 A = Elapsed time spent in this place.
 B = Non-inter-level travel time spent in this place.
 C = Inter-level travel time spent in this place.
 D = Time resting spent in this place.
 E = Time spent auto-exploring this place.
 F = Levels seen in this place.
 G = Mean time per level.
                   A        B        C        D        E       F      G
               +--------+--------+--------+--------+--------+-----+--------+
         Total |   4956 |   4728 |    228 |    472 |   3331 |   5 |  991.2 |
       Dungeon |   4956 |   4728 |    228 |    472 |   3331 |   5 |  991.2 |
               +--------+--------+--------+--------+--------+-----+--------+

Top non-repeatable levels by time:
     D:4: 1369 daAuts
     D:3: 1092 daAuts
     D:1: 1050 daAuts
     D:2: 947 daAuts
     D:5: 497 daAuts
